Map: Battle on the Boardwalk LE

Players

Yamapickle - Winner!

  • Race: Zerg Zerg
  • League: Diamond
  • Spawn Location: 1:00

Xipa

  • Race: Terran Terran
  • League: Diamond
  • Spawn Location: 11:00

VOD

Have the link to the VOD?

Description

Time

  • Played on: Dec. 12, 2017, 11:25 a.m.
  • Length: 19:52
Show
View Real Time Build Order
Export as new Build Order

Yamapickle Zerg - Winner!

Build Orders: Hatch First 

Get SALT Encoding   

  12  0:01  Drone  
  13  0:15  Overlord  
  13  0:19  Drone  
  14  0:35  Drone x2  
  16  0:37  Drone  
  17  0:55  Hatchery  
  16  0:58  Drone  
  16  1:00  Drone  
  16  1:03  Extractor  
  17  1:18  Spawning Pool  
  16  1:20  Drone  
  17  1:27  Drone  
  18  1:34  Drone  
  19  1:47  Overlord  
  19  2:04  Metabolic Boost  
  19  2:05  Queen  
  19  2:07  Queen  
  24  2:08  Zergling x2  
  24  2:11  Zergling x2  
  25  2:16  Drone  
  25  2:17  Drone  
  25  2:22  Drone  
  28  2:25  Drone  
  28  2:29  Drone  
  30  2:52  Drone x4  
  30  2:53  Queen  
  36  2:59  Overlord  
  36  3:04  Lair  
  36  3:11  Overlord  
  36  3:21  Zergling x6  
  39  3:32  Queen  
  41  3:34  Drone  
  41  3:35  Extractor, Drone x4  
  45  3:49  Drone x2  
  45  3:51  Extractor  
  45  3:52  Zergling x2  
  45  3:53  Zergling x6, Extractor  
  49  4:05  Drone  
  49  4:07  Zergling x2  
  51  4:16  Drone  
  52  4:18  Spire, Drone  
  52  4:19  Overlord x2  
  52  4:22  Pneumatized Carapace  
  52  4:33  Overlord  
  52  4:35  Overlord  
  52  4:36  Overlord  
  52  4:38  Zergling x2  
  53  4:39  Zergling x4  
  55  4:46  Drone  
  55  4:47  Drone x2  
  55  4:48  Drone  
  59  5:03  Queen  
  59  5:05  Queen  
  63  5:12  Overlord  
  63  5:14  Drone  
  63  5:15  Drone x4  
  63  5:16  Drone x2  
  63  5:17  Zergling x2  
  71  5:32  Hatchery  
  71  5:34  Corruptor  
  72  5:43  Corruptor  
  72  5:44  Corruptor  
  76  5:58  Drone x7  
  76  6:03  Zerg Flyer Weapons Level 1  
  83  6:08  Zergling x2  
  83  6:09  Zergling x8  
  88  6:12  Corruptor  
  90  6:41  Drone x2  
  90  6:42  Overlord x3  
  90  6:43  Overlord x3  
  92  6:50  Corruptor x2  
  93  7:01  Infestation Pit  
  86  7:26  Queen x3  
  90  7:33  Overlord x5  
  90  7:35  Corruptor x2  
  94  7:42  Drone x6  
  100  8:26  Corruptor  
  95  8:27  Corruptor x8  
  100  8:37  Queen  
  100  8:41  Extractor  
  100  8:42  Extractor  
  93  8:49  Zergling x2  
  93  8:50  Zergling x10  
  93  8:52  Hatchery  
  93  8:54  Hive  
  95  9:07  Zergling x6  
  98  9:14  Zerg Flyer Weapons Level 2  
  92  9:18  Corruptor  
  92  9:19  Corruptor x4  
  90  9:43  Zergling x16  
  90  9:44  Zergling x4  
  100  9:52  Zergling x2  
  101  9:59  Corruptor x2  
  103  10:19  Corruptor  
  103  10:20  Corruptor x5  
  109  10:47  Drone  
  109  10:49  Queen x2  
  112  10:54  Adrenal Glands, Spire  
  113  10:57  Hatchery  
  113  11:01  Corruptor  
  114  11:11  Hatchery  
  114  11:18  Overlord x3  
  113  11:19  Overlord  
  113  11:30  Drone x2  
  113  11:31  Drone  
  116  11:34  Drone x3  
  117  12:14  Queen  
  114  12:20  Zerg Flyer Weapons Level 3  
  114  12:21  Zerg Flyer Armor Level 1  
  114  12:25  Drone  
  115  12:32  Overseer  
  115  12:34  Zergling x4  
  115  12:35  Zergling x38  
  131  13:21  Hatchery  
  116  13:33  Zergling x6  
  116  13:34  Zergling x36  
  124  14:04  Corruptor  
  124  14:05  Corruptor x10  
  125  14:15  Neural Parasite  
  125  14:16  Ultralisk Cavern  
  123  14:17  Zerg Flyer Armor Level 2  
  112  14:32  Corruptor x3  
  112  14:33  Corruptor x6  
  112  14:34  Corruptor  
  132  14:43  Extractor  
  131  14:47  Corruptor x2  
  125  15:01  Corruptor x2  
  119  15:07  Zergling x2  
  119  15:08  Zergling x32  
  136  15:17  Greater Spire  
  136  15:34  Pathogen Glands, Corruptor  
  136  15:35  Corruptor x2  
  125  15:54  Zergling x12  
  125  15:55  Zergling x24  
  137  16:03  Chitinous Plating  
  137  16:31  Corruptor  
  137  16:32  Corruptor x6, Zergling x2  
  137  16:41  Corruptor  
  137  16:44  Zergling x2  
  101  16:48  Drone x3  
  101  16:49  Drone x6  
  101  16:50  Drone x5  
  113  17:02  Ultralisk  
  119  17:08  Corruptor x2  
  119  17:12  Corruptor, Extractor  
  119  17:13  Zergling x2  
  119  17:14  Zergling x16  
  119  17:15  Extractor  
  112  17:45  Ultralisk  
  112  17:46  Ultralisk  
  118  18:05  Corruptor  
  118  18:06  Corruptor x3  
  124  18:15  Zergling x16  
  124  18:16  Zergling x14  
  139  18:22  Hydralisk Den  
  139  18:26  Corruptor  
  132  18:27  Corruptor  
  136  18:36  Corruptor  
  124  18:56  Corruptor x4  
  125  19:10  Corruptor x2  
  127  19:21  Zergling x2  
  127  19:22  Zergling x30  
  127  19:23  Zergling x2  
  144  19:30  Overseer  
  146  19:32  Extractor x2  
  146  19:33  Hatchery  
Show
View Real Time Build Order
Export as new Build Order

Xipa Terran 

Build Orders: Reaper Expand 

Get SALT Encoding   

  12  0:00  SCV  
  13  0:13  SCV  
  14  0:17  Supply Depot  
  14  0:25  SCV  
  15  0:31  Refinery  
  15  0:39  SCV  
  16  0:45  Barracks  
  16  0:51  SCV  
  17  1:03  SCV  
  18  1:15  SCV  
  19  1:31  Orbital Command  
  19  1:32  Reaper  
  20  1:49  Command Center  
  20  2:01  Factory  
  20  2:03  Refinery  
  20  2:05  Marine  
  21  2:17  Supply Depot  
  21  2:30  SCV  
  21  2:33  Marine  
  23  2:37  Bunker  
  23  2:42  SCV  
  24  2:50  Widow Mine  
  25  2:54  SCV  
  25  2:55  Starport  
  26  3:04  Orbital Command  
  26  3:17  SCV  
  27  3:26  Widow Mine, Marine  
  28  3:29  SCV  
  28  3:30  SCV  
  32  3:35  Starport Tech Lab, Supply Depot  
  32  3:41  Fusion Core, SCV  
  32  3:46  SCV  
  32  3:47  Marine  
  35  3:56  Supply Depot, SCV  
  35  3:58  Widow Mine  
  38  4:17  Starport  
  38  4:18  SCV  
  38  4:20  Refinery  
  39  4:30  Battlecruiser  
  45  4:33  SCV  
  45  4:38  Refinery  
  46  4:43  SCV  
  47  4:53  Supply Depot  
  47  4:54  Starport Tech Lab  
  47  4:57  SCV  
  47  4:58  Marine, SCV  
  50  5:00  Hellion  
  52  5:14  Battlecruiser  
  58  5:16  Marine  
  58  5:18  SCV  
  58  5:19  SCV  
  60  5:32  Hellion  
  62  5:39  Battlecruiser  
  62  5:42  SCV x2  
  70  5:55  Weapon Refit  
  70  6:07  Liberator  
  70  6:09  Command Center  
  70  6:12  Widow Mine  
  72  6:19  Supply Depot  
  72  6:22  Supply Depot  
  75  6:26  Liberator  
  75  6:33  SCV  
  75  6:34  SCV  
  80  7:43  Widow Mine  
  82  7:51  SCV  
  82  7:52  Engineering Bay, SCV  
  82  7:53  Armory  
  84  8:03  SCV  
  84  8:04  SCV  
  86  8:15  Widow Mine  
  86  8:16  SCV  
  67  8:43  SCV  
  68  8:56  Starport Tech Lab  
  68  9:00  Planetary Fortress  
  68  9:03  SCV  
  68  9:06  Missile Turret  
  69  9:10  Command Center  
  69  9:15  SCV  
  60  9:42  SCV x2  
  60  9:45  Battlecruiser  
  68  9:46  Refinery  
  68  9:48  Refinery  
  68  9:49  Starport x2  
  68  9:54  SCV x2  
  70  10:05  Factory  
  70  10:06  SCV x2  
  69  10:25  Starport Tech Lab  
  69  10:26  Starport Tech Lab  
  69  10:29  Factory Reactor  
  69  10:32  SCV  
  69  10:33  Orbital Command  
  67  10:40  Command Center  
  67  10:44  SCV  
  67  10:49  Battlecruiser  
  73  11:19  Terran Ship Weapons Level 1  
  73  11:31  Battlecruiser x2  
  85  11:38  Missile Turret  
  85  11:53  Widow Mine x2  
  88  12:02  Planetary Fortress  
  88  12:07  Missile Turret  
  83  12:30  Widow Mine x2  
  87  12:41  SCV x2  
  89  12:46  Battlecruiser  
  89  12:49  Missile Turret  
  89  13:12  Battlecruiser  
  95  13:34  Widow Mine x2, SCV x2  
  95  13:40  Battlecruiser  
  101  13:43  SCV  
  101  13:46  SCV  
  101  13:51  Supply Depot  
  101  13:53  Terran Vehicle And Ship Armor Level 1  
  101  14:14  SCV x2  
  101  14:24  SCV  
  101  14:26  SCV x2  
  104  14:36  SCV  
  106  14:38  SCV x2  
  106  14:39  Command Center  
  107  14:49  SCV  
  107  14:50  Battlecruiser  
  114  15:01  SCV  
  115  15:13  SCV  
  116  15:15  SCV  
  116  15:20  Widow Mine x2, Supply Depot  
  116  15:21  SCV  
  122  15:25  SCV  
  122  15:27  SCV  
  124  15:29  Sensor Tower  
  124  15:30  Missile Turret  
  124  15:31  Missile Turret  
  124  15:42  Battlecruiser  
  121  16:12  Orbital Command  
  121  16:13  Supply Depot x2  
  121  16:25  Supply Depot x2  
  121  16:27  Command Center, Supply Depot x2  
  121  16:30  Missile Turret, Supply Depot  
  121  16:35  SCV  
  105  16:47  SCV  
  105  16:51  SCV  
  105  16:53  Battlecruiser  
  105  16:54  Medivac x2  
  114  16:59  SCV  
  117  17:19  SCV x2  
  119  17:24  Battlecruiser  
  119  17:31  SCV x2  
  93  17:53  Orbital Command  
  93  17:57  Battlecruiser  
  93  17:58  SCV x2  
  89  18:31  Fusion Core  
  71  19:00  SCV x2  
  67  19:22  SCV x2  
  73  19:24  Hellion x2  
Tags
 
Add a new tag
Caveats
  • Supply blocks, unpowered buildings, or Contaminate may cause inaccurate times.
  • Supply counts are checked every 10 seconds.